 Dungeon Crawl Stone Soup version 0.25-a0-341-g6f074c887a (webtiles) character file.

Game seed: 6188094663972730073, levelgen mode: deterministic

11163 jclain the Cleaver (level 11, -3/153 HPs)
             Began as a Minotaur Berserker on Dec 29, 2019.
             Was a High Priest of Trog.
             Slain by a red devil
             ... wielding a +1 demon trident of venom
             ... summoned by an orc sorcerer
             ... led by an orc knight
              (14 damage)
             ... on level 2 of the Orcish Mines on Dec 30, 2019.
             The game lasted 00:48:50 (10711 turns).

jclain the Cleaver (Minotaur Berserker)            Turns: 10711, Time: 00:48:51

Health: -3/153     AC: 16    Str: 30    XL:     11   Next: 45%
Magic:  3/3        EV: 10    Int:  6    God:    Trog [*****.]
Gold:   1045       SH:  0    Dex: 12    Spells: 10/10 levels left

rFire    . . .     SeeInvis .   a - +3 hand axe (antimagic)
rCold    . . .     Gourm    .   (no shield)
rNeg     . . .     Faith    .   n - +0 plate armour
rPois    .         Spirit   .   (helmet restricted)
rElec    .         Reflect  .   K - +2 cloak
rCorr    .         Harm     .   o - +0 pair of gloves
MR       .....                  A - +0 pair of boots
Stlth    ..........             (no amulet)
HPRegen  0.35/turn              g - +2 ring of intelligence
MPRegen  0.08/turn              L - +2 ring of dexterity

@: berserking, lethally poisoned (-3 -> -12), very quick
A: retaliatory headbutt, horns 2, deformed body
a: Berserk, Trog's Hand, Brothers in Arms, Renounce Religion


You were on level 2 of the Orcish Mines.
You worshipped Trog.
Trog was extremely pleased with you.
You were not hungry.

You visited 3 branches of the dungeon, and saw 13 of its levels.

You collected 1307 gold pieces.
You spent 262 gold pieces at shops.

Inventory:

Hand Weapons
 a - a +3 antimagic hand axe (weapon)
 e - a +2 hand axe of flaming
Missiles
 b - 5 javelins (quivered)
 i - 64 bolts
Armour
 j - a +0 chain mail
 n - a +0 plate armour (worn)
 o - a +0 pair of gloves (worn)
 A - a +0 pair of boots (worn)
 K - a +2 cloak (worn)
Jewellery
 g - a +2 ring of intelligence (left hand)
 r - an uncursed ring of positive energy
 L - a +2 ring of dexterity (right hand)
Wands
 s - a wand of iceblast (2)
 u - a wand of polymorph (9)
 G - a wand of disintegration (16)
Scrolls
 f - 2 scrolls of fear {unknown}
 h - 4 scrolls of enchant armour
 p - 6 scrolls of teleportation
 q - 6 scrolls of remove curse
 v - 3 scrolls of blinking {unknown}
 x - a scroll of identify
 y - 4 scrolls of enchant weapon
 z - 2 scrolls of fog {unknown}
 B - 2 scrolls of amnesia {unknown}
 E - 2 scrolls of vulnerability {unknown}
 H - 3 scrolls of magic mapping {unknown}
 J - 2 scrolls of random uselessness {unknown}
Potions
 d - 4 potions of heal wounds
 k - 4 potions of brilliance
 l - a potion of mutation
 m - 2 potions of might
 t - 3 potions of haste
 w - a potion of agility
 C - 3 potions of curing
 F - 2 potions of ambrosia
Comestibles
 c - 16 rations


   Skills:
 + Level 11.1 Fighting
 + Level 14.3 Axes
 + Level 0.9 Throwing
 + Level 11.6 Armour
 + Level 4.3 Dodging
 + Level 0.3 Stealth


You had 10 spell levels left.
You didn't know any spells.
Your spell library was empty.

Dungeon Overview and Level Annotations

Branches:
Dungeon (10/15)            Temple (1/1) D:7             Orc (2/2) D:10
   Lair: D:8-11         Elf: Orc:2

Altars:
Ashenzari
Cheibriados
Dithmenos
Elyvilon
Fedhas
Gozag
Hepliaklqana
Kikubaaqudgha
Makhleb
Nemelex Xobeh
Okawaru
Qazlal
Ru
Sif Muna
Trog
Uskayaw
Vehumet
Wu Jian
Xom
Yredelemnul
Zin
The Shining One
Beogh

Shops:
D:4 :   D:5 ?


Innate Abilities, Weirdness & Mutations

You reflexively headbutt those who attack you in melee.
You have a pair of horns on your head.
Armour fits poorly on your strangely shaped body.


Message History

The red devil hits you from afar with a +1 demon trident of venom!
* * * LOW HITPOINT WARNING * * *
You are poisoned.
You hit the orc sorcerer.
The orc sorcerer's magic leaks into the air.
Your headbutt misses the orc sorcerer.
The orc sorcerer is lightly wounded.
You hit the rust devil but do no damage.
You feel sick.
You slash the orc sorcerer!
The orc sorcerer's magic leaks into the air.
You headbutt the orc sorcerer.
The orc sorcerer is severely wounded.
You barely miss the rust devil.
You feel sick.
The orc sorcerer hits you but does no damage.
You closely miss the orc sorcerer. Your headbutt misses the orc sorcerer.
The orc sorcerer is severely wounded.
You hit the rust devil. The rust devil misses you.
The red devil hits you from afar with a +1 demon trident of venom!
You die...

#....# #......<...
##.o.# #..........
##.o# #..........
##.# #.o........ #.#
#.......... #o#
#.......... #.#
#......#...
#o#########o.....#...
#oo4@oooTo......#....
######4####....#.....
### ##.........
###.#.##.# ##### ##


You could see an orc knight, a rust devil, a troll, an orc sorcerer, a red
devil, 5 orc warriors and an orc.

Vanquished Creatures
  A stone giant (Orc:1)
  2 two-headed ogres
  An orc high priest (Orc:1)
  Pikel (D:6)
  An orc knight (Orc:2)
  2 orc sorcerers (Orc:1)
  A centaur zombie (D:10)
  5 trolls
  A hippogriff (D:7)
  A hungry ghost (D:7)
  Edmund (D:6)
  4 wargs
  A sky beast (D:7)
  11 orc warriors
  A black bear (D:10)
  2 ice beasts (D:9)
  A hornet zombie (D:10)
  4 ogres
  A centaur (D:10)
  A big kobold (D:10)
  A wyvern zombie (D:8)
  A wyvern skeleton (D:7)
  3 scorpions
  An electric eel (D:8)
  8 howler monkeys
  3 crimson imps
  2 bullfrog zombies
  2 hounds
  A jelly (D:8)
  A bullfrog skeleton (D:8)
  11 orc priests
  17 orc wizards
  2 centaur skeletons
  Ijyb (D:5)
  4 iguanas
  5 worker ants
  Terence (D:3)
  A worker ant zombie (D:6)
  Robin (D:2)
  3 gnolls (D:4)
  11 adders
  2 shadow imps
  3 oozes (D:1)
  2 adder skeletons
  An adder zombie (D:3)
  3 worms (D:2)
  2 dart slugs
  6 leopard geckos
  61 orcs
  8 bats
  3 giant cockroaches
  2 gnoll zombies (D:5)
  20 goblins
  11 hobgoblins
  16 jackals
  10 kobolds
  7 quokkas
  3 frilled lizards
  A jackal skeleton (D:5)
  A leopard gecko skeleton (D:6)
  A leopard gecko zombie (D:6)
  4 rats
290 creatures vanquished.

Vanquished Creatures (others)
  A plant (D:8)
1 creature vanquished.

Grand Total: 291 creatures vanquished

Notes
Turn   | Place    | Note
-------+----------+-------------------------------------------
     0 | D:1      | jclain the Minotaur Berserker began the quest for the Orb.
     0 | D:1      | Reached XP level 1. HP: 19/19 MP: 0/0
   153 | D:1      | Reached XP level 2. HP: 27/27 MP: 1/1
   157 | D:1      | Reached skill level 4 in Axes
   481 | D:1      | Reached XP level 3. HP: 30/33 MP: 2/2
   773 | D:2      | Found a sparkling altar of Nemelex Xobeh.
   843 | D:2      | Reached ** piety under Trog
  1029 | D:2      | Reached XP level 4. HP: 41/41 MP: 3/3
  1257 | D:2      | Reached skill level 5 in Axes
  1283 | D:2      | Noticed Robin
  1299 | D:2      | Killed Robin
  1522 | D:2      | Reached skill level 5 in Fighting
  1737 | D:3      | Reached XP level 5. HP: 47/48 MP: 4/4
  1778 | D:3      | Found a stormy altar of Qazlal.
  1829 | D:3      | Reached *** piety under Trog
  2017 | D:3      | Noticed Terence
  2027 | D:3      | Killed Terence
  2051 | D:3      | Found a faded altar of an unknown god.
  2051 | D:3      | Found a white marble altar of Elyvilon.
  2056 | D:3      | Found a bloodstained altar of Trog.
  2062 | D:3      | Found an iron altar of Okawaru.
  2063 | D:3      | Found a glowing silver altar of Zin.
  2482 | D:4      | Reached skill level 6 in Axes
  2491 | D:4      | Reached XP level 6. HP: 24/56 MP: 5/5
  2866 | D:4      | Found a hide-covered altar of Uskayaw.
  2884 | D:4      | Reached skill level 7 in Axes
  2886 | D:4      | Reached **** piety under Trog
  2954 | D:4      | Reached XP level 7. HP: 62/62 MP: 6/6
  3471 | D:4      | Found Ozalinwe's Book Shop.
  3531 | D:5      | Entered Level 5 of the Dungeon
  3576 | D:5      | Noticed Ijyb
  3592 | D:5      | Killed Ijyb
  3680 | D:5      | Found Cukkuegri's Magic Scroll Shop.
  3689 | D:5      | Bought a scroll of enchant weapon for 112 gold pieces
  3689 | D:5      | Bought a scroll of teleportation for 45 gold pieces
  3689 | D:5      | Bought a scroll of teleportation for 45 gold pieces
  3689 | D:5      | Bought a scroll of identify for 30 gold pieces
  3689 | D:5      | Bought a scroll of identify for 30 gold pieces
  3721 | D:5      | Found a blossoming altar of Fedhas.
  3773 | D:5      | Found a sparkling altar of Nemelex Xobeh.
  3957 | D:5      | Found a basalt altar of Yredelemnul.
  4012 | D:5      | Reached skill level 5 in Armour
  4316 | D:6      | Noticed Pikel
  4331 | D:6      | Killed Pikel
  4331 | D:6      | Reached skill level 8 in Axes
  4331 | D:6      | Reached XP level 8. HP: 29/73 MP: 7/7
  4668 | D:6      | Noticed Edmund
  4691 | D:6      | Killed Edmund
  4691 | D:6      | Reached skill level 9 in Axes
  5351 | D:7      | Upgraded the game from 0.25-a0-340-ga1faa1601d to
                  | 0.25-a0-341-g6f074c887a
  5619 | D:7      | Noticed a hippogriff
  5631 | D:7      | Reached XP level 9. HP: 79/79 MP: 8/8
  5632 | D:7      | Reached skill level 10 in Axes
  5786 | D:7      | Found a staircase to the Ecumenical Temple.
  5827 | Temple   | Entered the Ecumenical Temple
  6238 | D:7      | Found a hazy altar of Hepliaklqana.
  6990 | D:8      | Found a snail-covered altar of Cheibriados.
  7040 | D:8      | Found a shattered altar of Ashenzari.
  7050 | D:8      | Reached ***** piety under Trog
  7050 | D:8      | Received a gift from Trog
  7446 | D:8      | Found an ornate altar of the Wu Jian Council.
  7677 | D:9      | Noticed a troll
  7690 | D:9      | Killed a troll
  7797 | D:9      | Reached skill level 11 in Axes
  8146 | D:9      | Found a radiant altar of Vehumet.
  8289 | D:10     | Entered Level 10 of the Dungeon
  8337 | D:10     | Reached XP level 10. HP: 77/90 MP: 3/9
  8402 | D:10     | Noticed a two-headed ogre
  8412 | D:10     | Killed a two-headed ogre
  8412 | D:10     | Reached skill level 12 in Axes
  8429 | D:10     | Received a gift from Trog
  8439 | D:10     | Reached skill level 10 in Armour
  8505 | D:10     | Found a staircase to the Orcish Mines.
  8896 | Orc:1    | Entered Level 1 of the Orcish Mines
  9010 | Orc:1    | Noticed a two-headed ogre
  9020 | Orc:1    | Killed a two-headed ogre
  9020 | Orc:1    | Reached skill level 10 in Fighting
  9020 | Orc:1    | Reached skill level 13 in Axes
  9230 | Orc:1    | Found a roughly hewn altar of Beogh.
  9230 | Orc:1    | Noticed an orc high priest
  9244 | Orc:1    | Gained mutation: Armour fits poorly on your strangely
                  | shaped body. [a neqoxec]
  9244 | Orc:1    | Killed an orc high priest
  9304 | Orc:1    | Noticed an orc sorcerer
  9310 | Orc:1    | Killed an orc sorcerer
  9310 | Orc:1    | Reached XP level 11. HP: 101/101 MP: 3/10
  9593 | Orc:1    | Received a gift from Trog
  9804 | Orc:1    | Noticed a stone giant
  9818 | Orc:1    | Killed a stone giant
  9818 | Orc:1    | Reached skill level 14 in Axes
 10269 | Orc:2    | Entered Level 2 of the Orcish Mines
 10269 | Orc:2    | Noticed an orc sorcerer
 10269 | Orc:2    | Noticed an orc warlord
 10269 | Orc:2    | Noticed an orc sorcerer
 10314 | Orc:2    | Noticed an orc knight
 10314 | Orc:2    | Noticed an orc sorcerer
 10314 | Orc:2    | Noticed an orc knight
 10324 | Orc:1    | Killed an orc sorcerer
 10692 | Orc:2    | Noticed an orc sorcerer
 10695 | Orc:2    | Noticed a sixfirhy
 10698 | Orc:2    | Killed an orc knight
 10711 | Orc:2    | Slain by a red devil

Levels and vault maps discovered:
D:1:      ncdulo_halloftheorcs, layout_basic
D:2:      minmay_alternating_diamond, layout_basic, first_ration,
          nemelex_spade_bored_becter, uniq_robin
D:3:      layout_loops_cross, chequers_temple_overflow_minitemple,
          nicolae_qazlal_general_emergency, uniq_terence
D:4:      layout_gridville, lemuel_crystal_altar, serial_shops, kennysheep_mini,
          minmay_fractal_squares_diagonal_5
D:5:      layout_cave_pools, nicolae_overflow_hidden_temple,
          nemelex_xobeh_ov_fountains_minmay, lemuel_zombie_altar_yredelemnul,
          serial_shops, nicolae_shop_competitors_out_of_business,
          chequers_serial_rivers_room_b, uniq_ijyb
D:6:      layout_basic, uniq_pikel, uniq_edmund
D:7:      layout_loops_ring, minmay_temple_entry_junction_2, lemuel_tele_altar
D:8:      layout_basic, kennysheep_mini_moat, old_standard_altar,
          lemuel_crystal_altar, serial_bayou, serial_bayou_ford_a,
          serial_bayou_pond_a, serial_bayou_lagoon_a
D:9:      layout_roguey, vehumet_crystals
D:10:     layout_cave_pools, erik_orc_3
Temple:   compressed_dpeg_triangle_lava_temple
Orc:1:    layout_caves, kennysheep_orc_chapel
Orc:2:    grunt_orc_community_town_hall, layout_caves,
          grunt_orc_community_big_house_2, grunt_orc_community_big_house_2,
          grunt_orc_community_house_2, grunt_orc_community_house_2,
          grunt_orc_community_house_1, grunt_orc_community_house_3,
          grunt_orc_community_house_3

Skill      XL: |  1  2  3  4  5  6  7  8  9 10 11 |
---------------+----------------------------------+-----
Fighting       | 4 5 7 8 10 11 | 11.1
Axes           | 4 5 6 7 8 9 11 13 14 | 14.3
Armour         | 3 4 6 7 9 10 11 | 11.6
Dodging        | 3 4 |  4.3
Throwing       | |  0.9
Stealth        | |  0.3

Action                   |  1- 3 |  4- 6 |  7- 9 | 10-12 || total
-------------------------+-------+-------+-------+-------++-------
Melee: Hand axe          |    68 |   143 |   383 |   209 ||   803
       Headbutt          |    11 |    23 |    84 |    50 ||   168
Throw: Javelin           |       |       |     5 |       ||     5
Invok: Berserk           |     1 |     4 |     8 |     8 ||    21
  Use: Scroll            |       |       |    12 |       ||    12
  Eat: Chunk             |       |    10 |    13 |     9 ||    32
       Ration            |       |     1 |     3 |     2 ||     6
Armor: Animal skin       |     8 |       |       |       ||     8
       Chain mail        |     8 |    68 |   164 |       ||   240
       Plate armour      |       |       |    11 |    87 ||    98
Dodge: Dodged            |    52 |    66 |   165 |    84 ||   367

Table legend:
 A = Non-vault XP
 B = Vault XP
 C = Vault XP percentage of total XP
 D = Non-vault monster count
 E = Vault monster count
 F = Vault count percentage of total count
                 A         B        C        D         E       F
            +---------+---------+-------+---------+---------+-------
      Total |   12844 |    3104 |  19.5 |     237 |      53 |  18.3
            +---------+---------+-------+---------+---------+-------
        D:1 |      59 |       0 |   0.0 |      22 |       0 |   0.0
        D:2 |      87 |      47 |  35.1 |      20 |      18 |  47.4
        D:3 |      68 |      32 |  32.0 |      24 |       1 |   4.0
        D:4 |     438 |     182 |  29.4 |      21 |       4 |  16.0
        D:5 |      70 |      40 |  36.4 |      13 |       3 |  18.8
        D:6 |     331 |     842 |  71.8 |      11 |       2 |  15.4
        D:7 |    1274 |       0 |   0.0 |      25 |       0 |   0.0
        D:8 |     422 |       0 |   0.0 |      18 |       0 |   0.0
        D:9 |    1252 |       0 |   0.0 |      23 |       0 |   0.0
       D:10 |    2096 |     737 |  26.0 |      19 |      14 |  42.4
      Orc:1 |    6042 |    1136 |  15.8 |      39 |       6 |  13.3
      Orc:2 |     705 |      88 |  11.1 |       2 |       5 |  71.4
            +---------+---------+-------+---------+---------+-------
